 Dungeon Crawl Stone Soup version 0.27-a0-1200-g94dc6ad4cf (webtiles) character file.

Game seed: 4782062294594732555

30 Shayle the Skirmisher (level 3, -2/37 HPs)
             Began as an Ogre Warper on June 1, 2021.
             Was a Follower of Yredelemnul.
             Killed from afar by Natasha (6 damage)
             ... with a magic dart
             ... on level 2 of the Dungeon.
             The game lasted 00:04:11 (1570 turns).

Shayle the Skirmisher (Ogre Warper)                 Turns: 1570, Time: 00:04:13

Health: -2/37      AC:  3    Str: 13 (15) XL:     3   Next: 20%
Magic:  6/6        EV:  9    Int: 12 (15) God:    Yredelemnul [*.....]
Gold:   93         SH:  0    Dex:  5 (8)  Spells: 4/6 levels left

rFire    . . .     SeeInvis .   a - +0 mace
rCold    . . .     Faith    .   (no shield)
rNeg     . . .     Spirit   .   b - +0 robe
rPois    .         Reflect  .   (helmet restricted)
rElec    .         Harm     .   (no cloak)
rCorr    .         Rampage  .   (gloves unavailable)
Will     .....                  (boots unavailable)
Stlth    +.........             (no amulet)
HPRegen  0.12/turn              (no ring)
MPRegen  0.10/turn              (no ring)

@: no status effects
A: large, unfitting armour, tough skin 1
a: Renounce Religion, Animate Remains


You were on level 2 of the Dungeon.
You worshipped Yredelemnul.
Yredelemnul was aware of your devotion.
You visited 1 branch of the dungeon, and saw 2 of its levels.

You collected 93 gold pieces.

Inventory:

Hand Weapons
 a - a +0 mace (weapon)
Missiles
 e - 5 boomerangs of dispersal (quivered)
 i - 4 atropa-tipped darts
Armour
 b - a +0 robe (worn)
Scrolls
 d - a scroll of blinking
Potions
 f - a potion of berserk rage {unknown}
 j - a potion of resistance {unknown}
 o - a potion of mutation {unknown}


   Skills:
 + Level 3.5 Fighting
 + Level 2.3 Maces & Flails
 - Level 1.0 Throwing
 + Level 2.6 Dodging
 - Level 2.4 Spellcasting
 - Level 2.6 Translocations


You had 4 spell levels left.
You knew the following spells:

 Your Spells              Type           Power      Damage    Failure   Level
a - Blink                 Tloc           N/A        N/A       13%         2

Your spell library contained the following spells:

 Spells                   Type           Power      Damage    Failure   Level
 Apportation              Tloc           14%        N/A       9%          1
 Animate Skeleton         Necr           2%         N/A       26%         1
 Corona                   Hex            1%         N/A       26%         1
 Summon Small Mammal      Summ           4%         N/A       26%         1
 Gell's Gravitas          Tloc           3%         N/A       26%         3
 Lesser Beckoning         Tloc           3%         N/A       26%         3
 Teleport Other           Tloc           7%         N/A       26%         3
 Manifold Assault         Tloc           7%         N/A       94%         5


Dungeon Overview and Level Annotations

Branches:
Dungeon (2/15)

Altars:
Sif Muna
Yredelemnul

Annotations:
D:2 Natasha


Innate Abilities, Weirdness & Mutations

You are too large for most types of armour.
You have tough skin. (AC +1)


Message History

Natasha is almost dead.
Natasha misses you.
You hit Natasha but do no damage.
Natasha is almost dead.
Natasha barely misses you. x2
You closely miss Natasha.
Natasha is almost dead.
Natasha claws you.
Natasha howls an incantation.
Natasha's front paws start to glow.
Natasha stares at you and mumbles some strange words.
You resist with some effort.
You closely miss Natasha.
Natasha is almost dead.
Natasha closely misses you. Natasha casts a spell at you.
The magic dart hits you.
You barely miss Natasha.
Natasha is almost dead.
Natasha mumbles some strange words.
Natasha casts a spell at you. The magic dart hits you.
Unknown command.
You barely miss Natasha.
Natasha is almost dead.
You feel yourself speed up. Natasha claws you. The shadow imp hits you.
* * * LOW HITPOINT WARNING * * *
Natasha claws you.
* * * LOW HITPOINT WARNING * * *
The shadow imp hits you.
* * * LOW HITPOINT WARNING * * *
It was a potion of degeneration.
There was something very wrong with that liquid.
You feel weakened.
You feel dopey.
You feel clumsy.
Natasha mumbles some strange words.
Natasha shimmers violently.
Natasha casts a spell at you. The magic dart hits you.
You die...
Your body rises from the dead as a mindless zombie.

*,* ##.##.†..##....,,,*
*,* ##..#..##*,...,,,*
#.######.###.##***#.,,,***
#.......## ##.#####.#,,,,*
########.###........#,**,*
##.#.######....**,****
##.........,,.,,,,,,,
#.#######..,,,,,****
#.5@h......,,,,,,,,<
#########..,,,,,*,*#
**,,,,,,,,* **********


You could see Natasha and a shadow imp (summoned).

Vanquished Creatures
  A dart slug (D:2)
  2 giant cockroaches
  4 hobgoblins (D:1)
  2 jackals (D:1)
  3 kobolds
  2 ball pythons
  6 bats
  2 frilled lizards (D:2)
  5 rats
27 creatures vanquished.

Notes
Turn   | Place    | Note
-------+----------+-------------------------------------------
     0 | D:1      | Shayle the Ogre Warper began the quest for the Orb.
     0 | D:1      | Reached XP level 1. HP: 22/22 MP: 3/3
   166 | D:1      | Reached skill level 3 in Fighting
   354 | D:1      | Reached XP level 2. HP: 31/31 MP: 5/5
   664 | D:1      | Found a faded altar of an unknown god.
   735 | D:1      | Became a worshipper of Yredelemnul the Dark
   735 | D:1      | Reached * piety under Yredelemnul
  1288 | D:2      | Learned a level 2 spell: Blink
  1418 | D:2      | Reached XP level 3. HP: 33/37 MP: 6/6
  1512 | D:2      | Found a shimmering blue altar of Sif Muna.
  1559 | D:2      | Noticed Natasha
  1570 | D:2      | Killed from afar by Natasha

Illustrated notes

Levels and vault maps discovered:
D:1:      lightli_arrival_windingriver, layout_basic,
          shapermc_ecumenical_altar_venn
D:2:      layout_loops_ring, basic_altar, uniq_natasha

Skill      XL: |  1 |
---------------+----+-----
Maces & Flails | 2 |  2.3
Fighting       | 3 |  3.5
Throwing       | |  1.0
Dodging        | |  2.6
Spellcasting   | |  2.4
Translocations | |  2.6

Action                   || total
-------------------------++-------
Melee: Mace              ||   100
  Use: Scroll            ||     7
       Potion            ||     1
Armor: Robe              ||    45
Dodge: Dodged            ||    83

Table legend: (Time is in decaauts)
 A = Elapsed time spent in this place.
 B = Non-inter-level travel time spent in this place.
 C = Inter-level travel time spent in this place.
 D = Time resting spent in this place.
 E = Time spent auto-exploring this place.
 F = Levels seen in this place.
 G = Mean time per level.
                   A        B        C        D        E       F      G
               +--------+--------+--------+--------+--------+-----+--------+
         Total |   1605 |   1556 |     49 |    128 |   1049 |   2 |  802.5 |
       Dungeon |   1605 |   1556 |     49 |    128 |   1049 |   2 |  802.5 |
               +--------+--------+--------+--------+--------+-----+--------+

Top non-repeatable levels by time:
     D:1: 1297 daAuts
     D:2: 308 daAuts
